Unix xNetHack Version 8.0.0 - last build Mar 23 2024 02:42:02 (1964348d4f5f1cf1067ea9968e02252fcc83c468). Game began 2024-03-23 16:30:41, ended 2024-03-23 16:34:59. nmlkj, chaotic male human Wizard ---- ... (a# @ # # ## # # # # # -------.--- ###|.........| #..........| |.........| |<........| ----------- Nmlkj the Conjurer St:8 Dx:14 Co:12 In:18 Wi:10 Ch:11 Chaotic S:547 Dlvl:5 $:91 HP:0(22) Pw:22(22) AC:9 Xp:3/59 T:1043 Fainted Deaf Latest messages: You miss the rock mole. The rock mole bites! Wizard needs food, badly! You miss the rock mole. You miss the rock mole. The rock mole bites! You miss the rock mole. In what direction? l The spell misses the rock mole. In what direction? l The spell misses the rock mole. You don't have enough energy to cast that spell. You bash the rock mole. The rock mole bites! You miss the rock mole. You miss the rock mole. You miss the rock mole. You miss the rock mole. The rock mole bites! You miss the rock mole. You miss the rock mole. You miss the rock mole. You kill the rock mole! $ - 25 gold pieces {0} (70 in total). You see here a rock mole corpse. You see here a rock mole corpse. There is a rock mole corpse here; eat it? [ynq] (n) y This rock mole corpse tastes okay. You finish eating the rock mole corpse. $ - 21 gold pieces {0} (91 in total). You climb up the stairs. Are you sure you want to pray? [yn] (n) y You begin praying to Anhur. You finish your prayer. You feel that Anhur is displeased. You stop searching. You faint from lack of food. You regain consciousness. You don't have anything to eat. You descend the stairs. You faint from lack of food. You regain consciousness. You can hear again. The giant ant bites! You miss the giant ant. The giant ant bites! You faint from lack of food. The giant ant bites! The giant ant bites! You die... Inventory: Inventory: 299/550 weight (16/52 slots) Coins $ - 91 gold pieces {1} Weapons n - a +0 stone orcish dagger {8} a - a blessed +1 quarterstaff (weapon in hands) {40} Armor b - an uncursed +0 cloak of magic resistance (being worn) {8} Scrolls h - an uncursed scroll of blank paper {5} p - an uncursed scroll of magic mapping {5} q - an uncursed scroll of scare monster {5} o - an uncursed scroll of teleportation {5} Spellbooks f - an uncursed spellbook of cure sickness {45} c - a blessed spellbook of force bolt {35} e - an uncursed spellbook of knock {35} k - an uncursed spellbook of light {35} d - a blessed spellbook of magic missile {40} Potions j - a blessed potion of gain level {20} Rings m - an uncursed ring of regeneration {3} Wands l - a wand of striking (0:6) {7} Tools g - an uncursed blindfold {2} Nmlkj the Wizard's attributes: Background: You were a Conjurer, a level 3 male human Wizard. You were chaotic, on a mission for Anhur who was opposed by Ptah (lawful) and Thoth (neutral). You were heterosexual. You were in the Dungeons of Doom, on level 5. You entered the dungeon 1043 turns ago. You had 59 experience points, 21 more were needed to attain level 4. Your score was 547 before end-of-game adjustments. Basics: You had 0 out of 22 hit points. You had all 22 energy points (spell power). Your armor class was 9. Your wallet contained 91 zorkmids. Autopickup was on for '$' plus thrown. Final Characteristics: Your strength was 8 (base:9, limit:18/100). Your dexterity was 14 (limit:18). Your constitution was 12 (limit:18). Your intelligence was 18 (limit:18). Your wisdom was 10 (limit:18). Your charisma was 11 (limit:18). Final Status: You were deaf. You were fainted due to starvation. You were unencumbered. You were wielding a quarterstaff. You had basic skill with quarterstaff. Final Attributes: You were fervently aligned. You were magic-protected. You were warded. You were unlucky. You are dead. Miscellaneous: You disabled loading of bones levels. Total elapsed playing time was 4 minutes and 17 seconds. Major events: Turn 1: nmlkj the chaotic male human Wizard entered the dungeon 799: attained the rank of Conjurer (level 3) 1043: killed by a giant ant, while fainted from lack of food Vanquished creatures: a rock mole a kitten 2 coyotes a large kobold 3 yellow molds a gnome zombie 3 geckos 7 jackals a goblin 5 sewer rats 6 grid bugs a lichen 2 kobold zombies 4 newts 38 creatures vanquished. No species were genocided or became extinct. Voluntary challenges: You read items or engraved 5 times. You never genocided any monsters. You never polymorphed an object. You never changed form. You never touched an artifact. You used no wishes. You never scared an enemy with impunity. You were celibate. You never generated conflict. Achievements: You entered a shop. You attained the rank of Conjurer. Dungeon overview: The Dungeons of Doom: levels 1 to 5 Level 1: A tree. Level 2: A fountain. Level 3: A jewelry shop, a fountain. Level 4: A sink. Level 5: <- You were here. Final resting place for you, killed by a giant ant, while fainted from lack of food. Game over: __________ / \ / REST \ / IN \ / PEACE \ / \ | nmlkj | | 91 Au | | killed by a | | giant ant | | | | | | 2024 | *| * * * | * _________)/\\_//(\/(/\)/\//\/|_)_______ Goodbye nmlkj the Wizard... You died in The Dungeons of Doom on dungeon level 5 with 538 points, and 91 pieces of gold, after 1043 moves. You were level 3 with a maximum of 22 hit points when you died.